 Dungeon Crawl Stone Soup version 0.18-b1-20-g17449fe (webtiles) character file.

1399 LORDOFBUTT the Shield-Bearer (level 8, -2/69 HPs)
             Began as a Minotaur Fighter on May 2, 2016.
             Slain by Pikel
             ... wielding a +2 whip of flaming
              (8 damage)
             ... on level 5 of the Dungeon.
             The game lasted 00:05:51 (4482 turns).

LORDOFBUTT the Shield-Bearer (Minotaur Fighter)     Turns: 4482, Time: 00:05:51

Health: -2/69      AC:  7    Str: 24    XL:     8   Next: 41%
Magic:  7/7        EV:  9    Int:  5    God:
Gold:   195        SH: 10    Dex: 12    Spells: 0 memorised, 7 levels left

rFire  . . .     SeeInvis .     a - +0 war axe
rCold  . . .     Gourm    .     b - +0 scale mail
rNeg   . . .     Faith    .     c - +0 shield
rPois  .         Spirit   .     (helmet restricted)
rElec  .         Dismiss  .     (no cloak)
rCorr  .         Reflect  .     (no gloves)
SustAt .         Harm     .     (no boots)
MR     .....                    (no amulet)
Stlth  ..........               (no ring)
                                u - +3 ring of strength

@: heavily drained, not resistant to hostile enchantments, extremely unstealthy
A: retaliatory headbutt, horns 2
a: no special abilities


You were on level 5 of the Dungeon.
You were full.

You visited 1 branch of the dungeon, and saw 5 of its levels.

You collected 195 gold pieces.

Inventory:

Hand Weapons
 a - a +0 war axe (weapon)
 i - a +2 rapier of speed
Armour
 b - a +0 scale mail (worn)
 c - a +0 shield (worn)
Jewellery
 u - a +3 ring of strength (left hand)
Scrolls
 g - a scroll of random uselessness
 h - a scroll of blinking {unknown}
 j - a scroll of immolation {unknown}
 m - a scroll of teleportation
 o - 2 scrolls of remove curse
 p - a scroll of fog {unknown}
 q - a scroll of enchant armour {unknown}
 r - 3 scrolls of fear {unknown}
 s - a scroll of enchant weapon {unknown}
 w - a scroll of noise {unknown}
 x - a scroll of identify
Potions
 d - 2 potions of brilliance
 e - a potion of resistance
 t - a potion of magic {unknown}
Comestibles
 f - 3 bread rations
 l - a meat ration
 v - a beef jerky


   Skills:
 + Level 5.5(4.1) Fighting
 - Level 2.5(1.2) Short Blades
 * Level 4.6(3.2) Axes
 + Level 7.0(5.5) Armour
 + Level 4.7(3.3) Dodging
 + Level 0.8(0.0) Stealth
 + Level 7.4(5.9) Shields


You had 7 spell levels left.
You didn't know any spells.

Dungeon Overview and Level Annotations

Branches:
Dungeon (5/15)
 Temple: D:4-7

Altars:
Dithmenos
Elyvilon
Makhleb
Ru
Sif Muna
Vehumet
Xom

Annotations:
D:5 Pikel


Innate Abilities, Weirdness & Mutations

You reflexively headbutt those who attack you in melee.
You have a pair of horns on your head.


Message History

The slave hits you! Pikel hits you with a whip of flaming! Pikel burns you.
You hit Pikel but do no damage. Your headbutt misses Pikel.
Pikel is heavily wounded.
The slave hits you. x2
* * * LOW HITPOINT WARNING * * *
Pikel hits you but does no damage.
You closely miss Pikel. Your headbutt misses Pikel.
Pikel is moderately wounded.
The slave hits you!
* * * LOW HITPOINT WARNING * * *
The slave hits you.
* * * LOW HITPOINT WARNING * * *
You barely miss Pikel.
Pikel is moderately wounded.
You block Pikel's attack. You block the slave's attack.
The slave barely misses you. You furiously retaliate!
You headbutt the slave!
Wield which item (- for none, * to show all)? (? for menu, Esc to quit)
a - a +0 war axe (weapon)
Pikel hits you with a whip of flaming!
You die...

#........###
#.....[.##
#........##
##..(.....#
##...##### ##..##
##..## ...≈.. #...#
##....≈.≈.# #@p##
#....(.....#Kp##
#............p#
#............#. ##
#..............
.###............###
...............##
####............#
###.....(....#


You could see Pikel and 3 slaves.

Vanquished Creatures
  Grinder (D:3)
  Sigmund (D:3)
  Eustachio (D:4)
  Duvessa (D:4)
  An ice beast (D:5)
  A phantom (D:4)
  Blork the orc (D:5)
  2 giant frogs (D:5)
  Dowan (D:4)
  A scorpion (D:4)
  A crimson imp (D:5)
  A quasit (D:4)
  A hound (D:4)
  An orc wizard (D:5)
  Natasha (twice) (D:2)
  A worker ant (D:5)
  A hound zombie (D:4)
  5 adders
  A shadow imp (D:5)
  An ooze (D:4)
  An adder skeleton (D:5)
  A worm (D:4)
  2 giant geckos (D:1)
  12 orcs
  3 giant cockroaches
  7 goblins
  9 hobgoblins
  3 quokkas (D:2)
  6 bats
  3 giant newts
  7 kobolds
  7 rats
87 creatures vanquished.

Vanquished Creatures (others)
  An orc (D:3)
1 creature vanquished.

Grand Total: 88 creatures vanquished

Notes
Turn   | Place    | Note
--------------------------------------------------------------
     0 | D:1      | LORDOFBUTT the Minotaur Fighter began the quest for the Orb.
     0 | D:1      | Reached XP level 1. HP: 19/19 MP: 0/0
    20 | D:1      | Reached XP level 2. HP: 14/27 MP: 1/1
   422 | D:1      | Found a white marble altar of Elyvilon.
   578 | D:2      | Reached XP level 3. HP: 33/33 MP: 2/2
   607 | D:2      | Noticed Natasha
   613 | D:2      | Killed Natasha
   730 | D:2      | Noticed Natasha
   733 | D:2      | Killed Natasha
   733 | D:2      | Reached skill level 1 in Short Blades
   733 | D:2      | Reached XP level 4. HP: 36/40 MP: 3/3
  1296 | D:3      | Found a deep blue altar of Sif Muna.
  1371 | D:3      | Found a radiant altar of Vehumet.
  1558 | D:3      | Reached skill level 1 in Dodging
  1577 | D:3      | Noticed Sigmund
  1604 | D:3      | Killed Sigmund
  1604 | D:3      | Reached skill level 5 in Armour
  1604 | D:3      | Reached skill level 5 in Shields
  1604 | D:3      | Reached XP level 5. HP: 13/47 MP: 4/4
  1604 | D:3      | Reached XP level 6. HP: 15/53 MP: 5/5
  1842 | D:3      | Found a shadowy altar of Dithmenos.
  2086 | D:4      | Found a white marble altar of Elyvilon.
  2111 | D:4      | Noticed Grinder
  2127 | D:3      | HP: 1/53 [Grinder (4)]
  2128 | D:3      | Killed Grinder
  2512 | D:4      | Noticed Duvessa
  2515 | D:4      | Noticed Dowan
  2529 | D:4      | Killed Duvessa
  2529 | D:4      | Reached XP level 7. HP: 19/60 MP: 6/6
  2530 | D:4      | Killed Dowan
  2655 | D:4      | Found a sacrificial altar of Ru.
  2931 | D:4      | Noticed Eustachio
  2950 | D:4      | Killed Eustachio
  2950 | D:4      | Reached skill level 5 in Fighting
  3424 | D:4      | Reached XP level 8. HP: 68/68 MP: 7/7
  3517 | D:5      | Entered Level 5 of the Dungeon
  3669 | D:5      | Noticed Blork the orc
  3676 | D:5      | Killed Blork the orc
  3997 | D:5      | Noticed Pikel
  4018 | D:5      | HP: 2/69 [slave[Pikel] (2)]
  4351 | D:5      | Found a burning altar of Makhleb.
  4365 | D:5      | Found a shimmering altar of Xom.
  4482 | D:5      | Slain by Pikel

Skill      XL: |  1  2  3  4  5  6  7  8 |
---------------+-------------------------+-----
Shields        | 4 5 6 7 |  7.4
Fighting       | 4 5 |  5.5
Armour         | 4 5 6 7 |  7.0
Short Blades   | 1 2 |  2.5
Dodging        | 2 4 |  4.7
Axes           | 3 4 |  4.6
Stealth        | |  0.8

Action                   |  1- 3 |  4- 6 |  7- 9 || total
-------------------------+-------+-------+-------++-------
Melee: War axe           |    39 |     6 |    67 ||   112
       Short sword       |    44 |    89 |       ||   133
       Headbutt          |     8 |    21 |    34 ||    63
       Rapier            |       |       |   121 ||   121
  Use: Potion            |       |     2 |     2 ||     4
       Scroll            |       |     3 |     3 ||     6
 Stab: Sleeping          |       |       |     1 ||     1
  Eat: Fruit             |       |     7 |       ||     7
       Chunk             |       |     1 |       ||     1
       Bread ration      |       |       |     1 ||     1
       Meat ration       |       |       |     1 ||     1
Armor: Scale mail        |    31 |    24 |    92 ||   147
Dodge: Dodged            |    19 |    20 |    76 ||   115
Block: Shield            |    40 |    37 |   142 ||   219
